AoeStats
← Minos

Arena

510010746Analyzed
4v4 RM · 2d ago on Sep 29, 2026· 21m 52s· 8 players
Game mode
Random Map
Map size
Large (8 player)
Population
200
Speed
Normal
Resources
Standard
Victory
Conquest
Starting age
Dark Age
Ending age
Imperial Age
RankedLock teamsTeams togetherTeam positionsShared explorationLock speedFull tech treeHidden civsTurbo modeCheats
Victory
Defeat
🇲🇽 Sicilians · Mexico
1186
+10
🇲🇽 Khitans · Mexico
1064
+15
🇲🇽 Cumans · Mexico
1062
+15
🇲🇽 Turks · Mexico
1038
+16
🇺🇾 Khmer · Uruguay
1094
-15
🇺🇾 Lithuanians · Uruguay
1032
-14
🇺🇾 Varangians · Uruguay
1032
-14
🇧🇴 Celts · Bolivia
1014
-13
Danubio Futbol Club
11:10 Feudal Age
14:59 Castle Age
13:22 Horse Collar
15:58 Loom
16:07 Double-Bit Axe
Minos
12:19 Feudal Age
13:59 Wheelbarrow
16:26 Castle Age
15:05 Stone Mining
15:01 Double-Bit Axe
15:24 Horse Collar
16:07 Gold Mining
16:05 Loom
19:46 Fletching
Vincun
11:25 Feudal Age
15:02 Castle Age
13:28 Double-Bit Axe
13:25 Horse Collar
18:41 Loom
A Casa Gordito
10:53 Feudal Age
14:21 Castle Age
12:56 Double-Bit Axe
12:53 Horse Collar
19:44 Bow Saw
19:34 Heavy Plow
19:26 Gold Mining
21:15 Bloodlines
XGTIROMlllX
12:01 Feudal Age
17:28 Castle Age
15:31 Double-Bit Axe
15:27 Horse Collar
23:51 Imperial Age
MaN0s MaGiCaS
0:28 Loom
11:03 Feudal Age
12:08 Double-Bit Axe
20:15 Castle Age
18:15 Horse Collar
19:00 Gold Mining
20:25 Forging
20:22 Scale Barding Armor
21:47 Wheelbarrow
Pinoye12
2:55 Loom
11:19 Feudal Age
15:14 Castle Age
13:31 Horse Collar
13:38 Double-Bit Axe
14:27 Scale Mail Armor
16:00 Squires
19:18 Fletching
ROXAS091
0:27 Loom
10:04 Feudal Age
16:30 Castle Age
15:17 Double-Bit Axe
16:01 Forging
16:44 Scale Barding Armor
19:44 Iron Casting
18:57 Domestication
21:28 Husbandry
Connection lost

Rejoining the realm…

Still unreachable

The connection could not be restored.

Session expired

The server has moved on; the page needs a fresh start.